 Dungeon Crawl Stone Soup version 0.29.1-15-g9cfb28693d (webtiles) character file.

Game seed: 2059850036596785126

1001 xSliceyx the Protected (level 8, 0/78 HPs)
             Began as a Gargoyle Fighter on Mar 16, 2023.
             Slain by Maggie
             ... wielding a +2 morningstar of flaming
              (4 damage)
             ... on level 6 of the Dungeon.
             The game lasted 00:15:04 (5547 turns).

xSliceyx the Protected (Gargoyle Fighter)           Turns: 5547, Time: 00:15:05

Health: 0/78       AC: 24    Str: 23    XL:     8   Next: 20%
Magic:  8/8        EV:  2    Int:  8    God:
Gold:   246        SH:  4    Dex:  9    Spells: 7/7 levels left

rFire   . . .      SeeInvis .   o - +1 mace (drain)
rCold   . . .      Faith    .   c - +0 buckler
rNeg    + . .      Spirit   .   (body armour currently unavailable)
rPois   ∞          Reflect  .   (helmet currently unavailable)
rElec   .          Harm     .   (cloak currently unavailable)
rCorr   .          Rampage  .   (gloves currently unavailable)
Will    .....      NoTele   +   (boots currently unavailable)
Stlth   +.........              (no amulet)
HPRegen 0.23/turn               (no ring)
MPRegen 0.11/turn               (no ring)

@: tree-form, mesmerised
A: stationary, stasis, torment immunity, boosted hp, sickness immunity, AC +5,
negative energy resistance 1, (electricity resistance), torment resistance 1,
petrification resistance
a: no special abilities


You were on level 6 of the Dungeon.
You were a tree.
You visited 1 branch of the dungeon, and saw 6 of its levels.

You collected 246 gold pieces.

Inventory:

Hand Weapons
 a - a +0 war axe
 o - a +1 mace of draining (weapon)
 s - a +0 spear
Missiles
 r - a throwing net (quivered)
Armour
 c - a +0 buckler (worn)
 l - a +0 chain mail (melded)
Jewellery
 k - an amulet of faith
Wands
 p - a wand of flame (23)
Scrolls
 b - a scroll of magic mapping {unknown}
 i - a scroll of enchant armour {unknown}
 j - a scroll of immolation {unknown}
 n - a scroll of noise {unknown}
Potions
 d - a potion of might
 f - 2 potions of brilliance
 m - a potion of attraction
 q - a potion of mutation
 t - a potion of resistance
 u - a potion of berserk rage
 v - a potion of magic


   Skills:
 + Level 6.8 Fighting
 - Level 1.7 Axes
 - Level 8.0 Armour
 - Level 5.0 Shields


You had 7 spell levels left.
You didn't know any spells.
Your spell library contained the following spells:

 Spells                   Type           Power      Damage    Failure   Level
 Shock                    Conj/Air       0%         1d3       50%         1
 Gell's Gravitas          Tloc           0%         N/A       86%         3
 Portal Projectile        Hex/Tloc       0%         N/A       86%         3
 Swiftness                Air            0%         N/A       86%         3
 Teleport Other           Tloc           0%         N/A       86%         3
 Tukima's Dance           Hex            0%         N/A       86%         3
 Airstrike                Air            0%         2d(0-16)  99%         4
 Blade Hands              Tmut           0%         N/A       100%        5
 Dispersal                Tloc           0%         N/A       100%        6


Dungeon Overview and Level Annotations

Branches:
Dungeon (7/15)
 Temple: D:4-7

Altars:
Makhleb
Trog
Vehumet

Annotations:
D:4 Edmund
D:6 Maggie
D:7 2 transporters, nroviw's ghost, novice TrFi


Innate Abilities, Weirdness & Mutations

You are a tree.
Your roots penetrate the ground, keeping you stationary.
You cannot be teleported.
You are immune to unholy pain and torment.
Your maximum health is greatly increased.
Your equipment is partially melded.
You are immune to sickness and miasma.
((Your stone body is resilient. (AC +5)))
You are immune to poison.
You resist negative energy. (rN+)
((You are resistant to electric shocks. (rElec)))
You are resistant to unholy torment.
You are immune to petrification.


Message History

Maggie barely misses you.
You hit Maggie.
Maggie is severely wounded.
Maggie gestures at you while chanting. The bolt of fire hits you!
* * * LOW HITPOINT WARNING * * *
Unknown command.
Really quaff the potion of lignification?
You turn into a tree.
Your +0 chain mail melds into your body.
Your roots penetrate the ground.
Maggie hits you with a +2 morningstar of flaming.
* * * LOW HITPOINT WARNING * * *
Maggie burns you.
* * * LOW HITPOINT WARNING * * *
You hit Maggie.
Maggie is severely wounded.
Maggie casts a spell.
Maggie attempts to bespell you! You resist with almost no effort.
Maggie hits you with a +2 morningstar of flaming.
* * * LOW HITPOINT WARNING * * *
Maggie burns you.
* * * LOW HITPOINT WARNING * * *
You closely miss Maggie.
Maggie is severely wounded.
Maggie mumbles some strange words.
Maggie attempts to bespell you!
You are mesmerised by Maggie!
You hit Maggie. You drain Maggie.
Maggie is almost dead.
Maggie hits you with a +2 morningstar of flaming.
* * * LOW HITPOINT WARNING * * *
Maggie burns you.
* * * LOW HITPOINT WARNING * * *
Unknown command.
You are too mesmerised to rage.
You hit Maggie but do no damage.
Maggie is almost dead.
Maggie hits you with a +2 morningstar of flaming.
You die...

.#.# ### .#. ..
.# #. .# #.##.#
##### #....#
....
##############
#.......#.@..#
#.#####.#♣# #.#
#.#.# #.# #.#.#
#.# #.#.# #.#
#.#.#### #.#
#.#..†.# #.#
#.####.#
#.#####.####.##
###
#..........#..#
..


You could see Maggie (mesmerising, very drained).

Vanquished Creatures
  Grinder (D:4)
  A water moccasin (D:7)
  A sky beast (D:6)
  A bullfrog (D:6)
  A gnoll sergeant (D:7)
  An orc priest (D:7)
  A gnoll bouda (D:3)
  Terence (D:3)
  2 orc wizards
  16 gnolls
  10 adders
  A shadow imp (D:7)
  2 ufetubi
  A worm (D:4)
  2 dart slugs (D:2)
  11 orcs
  5 ball pythons
  3 bats
  6 endoplasms
  A giant cockroach (D:2)
  3 goblins
  6 hobgoblins
  4 quokkas
  5 frilled lizards
  8 kobolds
  3 rats
97 creatures vanquished.

Vanquished Creatures (others)
  10 plants (D:6)
10 creatures vanquished.

Grand Total: 107 creatures vanquished

Notes
Turn   | Place    | Note
-------+----------+-------------------------------------------
     0 | D:1      | xSliceyx the Gargoyle Fighter began the quest for the Orb.
     0 | D:1      | Reached XP level 1. HP: 14/14 MP: 1/1
   211 | D:1      | Reached XP level 2. HP: 19/19 MP: 2/2
   769 | D:1      | Reached XP level 3. HP: 1/23 MP: 3/3
  1238 | D:2      | Reached skill level 5 in Shields
  1384 | D:2      | Reached XP level 4. HP: 26/29 MP: 4/4
  1968 | D:2      | Reached XP level 5. HP: 31/34 MP: 5/5
  2054 | D:2      | Found a faded altar of an unknown god.
  2442 | D:3      | Reached skill level 5 in Fighting
  2871 | D:3      | Found a radiant altar of Vehumet.
  3194 | D:3      | Noticed Terence
  3204 | D:3      | Killed Terence
  3517 | D:3      | Found a burning altar of Makhleb.
  3726 | D:4      | Noticed Edmund
  3741 | D:3      | Reached XP level 6. HP: 29/41 MP: 6/6
  4007 | D:4      | Reached skill level 4 in Armour
  4260 | D:4      | Noticed Grinder
  4275 | D:4      | Paralysed by Grinder for 2 turns
  4278 | D:4      | Killed Grinder
  4279 | D:4      | Reached skill level 6 in Armour
  4279 | D:4      | Reached XP level 7. HP: 19/46 MP: 7/7
  4519 | D:4      | You fall into a shaft and drop 3 floors!
  4558 | D:7      | Reached skill level 7 in Armour
  4757 | D:7      | Found a transporter.
  5009 | D:7      | Noticed nroviw's ghost (novice TrFi)
  5016 | D:7      | Found a transporter.
  5019 | D:7      | Found a bloodstained altar of Trog.
  5019 | D:7      | Noticed a moth of wrath
  5034 | D:6      | Reached skill level 8 in Armour
  5034 | D:6      | Reached XP level 8. HP: 51/51 MP: 8/8
  5519 | D:6      | Noticed Maggie
  5547 | D:6      | Slain by Maggie

Illustrated notes

Levels and vault maps discovered:
D:1:      saegor_arrival_simple_a, layout_basic
D:2:      layout_loops_cross, hellmonk_ecumenical_altar_arch_garden
D:3:      layout_loops_corners, vehumet_altar_wand_db,
          mainiacjoe_overflow_alcove_4, uniq_terence
D:4:      layout_rooms, nicolae_titane, uniq_edmund, uniq_grinder
D:6:      layout_cave_pools, serial_co_window_serial, co_window_corner_a,
          co_window_of_opportunity_a, co_window_of_opportunity_a,
          co_window_paths_a, co_window_cross_1, co_window_corner_b,
          co_window_paths_c, co_window_unsneaky_path_b, co_window_cross_2,
          co_window_broadway_b, co_window_corner_ca, co_window_2corner,
          co_window_4corner_a, co_window_4corner_b, glass_columns_a,
          glass_columns_a, serial_bayou_pond_a, uniq_eustachio, uniq_maggie,
          uniq_duvessa
D:7:      layout_loops_cross, gammafunk_temple_overflow_forgotten,
          minmay_temple_entry_arrows, gammafunk_ghost_wrathful_warriors

Skill      XL: |  1  2  3  4  5  6  7 |
---------------+----------------------+-----
Shields        | 4 5 |  5.0
Fighting       | 4 6 |  6.8
Armour         | 6 8 |  8.0
Axes           | |  1.7

Action                   |  1- 3 |  4- 6 |  7- 9 || total
-------------------------+-------+-------+-------++-------
Melee: War axe           |    87 |    67 |       ||   154
       Mace              |       |    98 |   116 ||   214
Evoke: Wand              |       |     6 |       ||     6
  Use: Potion            |       |     1 |     3 ||     4
       Scroll            |       |     5 |     4 ||     9
 Stab: Invisible         |       |       |     1 ||     1
Armor: Scale mail        |    44 |    94 |    31 ||   169
       Chain mail        |       |       |    26 ||    26
Dodge: Dodged            |    45 |    59 |    46 ||   150
Block: Buckler           |    14 |    41 |    13 ||    68
